 Dungeon Crawl Stone Soup version 0.26-a0-346-g33516b1736 (webtiles) character file.

Game seed: 5897639729794768555

174 KristoblXynda the Conjurer (level 5, 0/39 HPs)
             Began as a Draconian Conjurer on July 5, 2020.
             Slain by Natasha (4 damage)
             ... on level 3 of the Dungeon on July 17, 2020.
             The game lasted 00:06:55 (3666 turns).

KristoblXynda the Conjurer (Draconian Conjurer)     Turns: 3666, Time: 00:06:56

Health: 0/39       AC:  5    Str:  9    XL:     5   Next: 28%
Magic:  7/10       EV: 13    Int: 20    God:
Gold:   78         SH:  0    Dex:  9    Spells: 6/10 levels left

rFire    . . .     SeeInvis .   d - +1 dagger
rCold    . . .     Faith    .   (no shield)
rNeg     . . .     Spirit   .   (armour unavailable)
rPois    .         Reflect  .   (helmet restricted)
rElec    .         Harm     .   (no cloak)
rCorr    .                      (no gloves)
MR       .....                  (no boots)
Stlth    ++........             (no amulet)
HPRegen  0.13/turn              (no ring)
MPRegen  0.12/turn              (no ring)

@: slowed, very slow
A: unfitting armour, cold-blooded, AC +5
a: no special abilities


You were on level 3 of the Dungeon.
You visited 1 branch of the dungeon, and saw 3 of its levels.

You collected 78 gold pieces.

Inventory:

Hand Weapons
 d - a +1 dagger (weapon)
Scrolls
 j - a scroll of remove curse
Potions
 h - a potion of flight
Comestibles
 b - 4 removed foods


   Skills:
 + Level 0.6 Fighting
 - Level 3.1 Dodging
 - Level 1.7 Stealth
 + Level 3.3 Spellcasting
 + Level 5.0 Conjurations


You had 6 spell levels left.
You knew the following spells:

 Your Spells              Type           Power        Failure   Level
a - Magic Dart            Conj           ###.         1%          1
b - Dazzling Flash        Conj/Hex       ##....       14%         3

Your spell library contained the following spells:

 Spells                   Type           Power        Failure   Level
 Searing Ray              Conj           ###...       2%          2
 Fulminant Prism          Conj/Hex       ##........   43%         4
 Iskenderun's Mystic Bla  Conj/Tloc      ##......     43%         4


Dungeon Overview and Level Annotations

Branches:
Dungeon (3/15)

Altars:
Elyvilon

Annotations:
D:3 Natasha, Sigmund


Innate Abilities, Weirdness & Mutations

Your plain brown scales are hard. (AC +5)
You cannot fit into any form of body armour.
You are cold-blooded and may be slowed by cold attacks.


Message History

Casting: Dazzling Flash (quite dangerous; 14% risk of failure)
Confirm with . or Enter, or press ? or * to list all spells.
You don't know that spell.
You hit the orc.
The orc is moderately wounded.
The orc barely misses you. Natasha barely misses you.
The rat twitches its whiskers.
The orc barely misses you.
Casting: Dazzling Flash (quite dangerous; 14% risk of failure)
Confirm with . or Enter, or press ? or * to list all spells.
You don't know that spell.
Casting: Dazzling Flash (quite dangerous; 14% risk of failure)
Confirm with . or Enter, or press ? or * to list all spells.
You don't know that spell.
You closely miss the orc.
The orc is moderately wounded.
Natasha claws you.
* * * LOW HITPOINT WARNING * * *
The crimson imp blinks!
The orc barely misses you. Natasha claws you.
You die...

*,****#?.(..,,,,,,.....,,**
*,* #.##..,,,,>,**,****,* *,*
#.##.#,**,****,* **, ***,*
#.##.#,#*,# *,* *,
**,.l#####.##.#o##.##**,* *,
*,**#........oo......,,,*****,
*,* #.o...>...#.r§..S,,,,,,,,,
*,**#.####o####g##o##*******,*
****,,,** #olo@hS#*,,,* *,,
*,,,,,** ########***,* ***
**,***** *,* ,,,* *,* ****
**,** **,*,** **,***,*******
*,** **,,,,,,, **,***,*******


You could see Natasha, an adder, 3 orcs, a hobgoblin, a frilled lizard and a
rat.

Vanquished Creatures
  Jessica (D:2)
  7 adders
  2 oozes (D:2)
  A worm (D:2)
  2 dart slugs (D:2)
  2 leopard geckos
  3 orcs (D:3)
  A giant cockroach (D:2)
  7 goblins
  8 hobgoblins
  8 jackals
  A quokka (D:2)
  8 bats
  4 frilled lizards
  2 kobolds
  10 rats
67 creatures vanquished.

Notes
Turn   | Place    | Note
-------+----------+-------------------------------------------
     0 | D:1      | KristoblXynda the Draconian Conjurer began the quest for
                  | the Orb.
     0 | D:1      | Reached XP level 1. HP: 14/14 MP: 3/3
   312 | D:1      | Reached XP level 2. HP: 20/20 MP: 3/5
  1217 | D:1      | Reached XP level 3. HP: 26/26 MP: 3/6
  1976 | D:2      | Noticed Jessica
  2005 | D:2      | Reached XP level 4. HP: 24/33 MP: 4/8
  2010 | D:2      | Killed Jessica
  2151 | D:2      | Found a white marble altar of Elyvilon.
  2192 | D:2      | Learned a level 3 spell: Dazzling Flash
  2803 | D:2      | Reached XP level 5. HP: 38/38 MP: 5/9
  3230 | D:2      | Reached skill level 5 in Conjurations
  3644 | D:3      | Noticed Natasha
  3649 | D:3      | Noticed Sigmund
  3653 | D:3      | Upgraded the game from 0.26-a0-200-g62faa89a7e to
                  | 0.26-a0-346-g33516b1736
  3666 | D:3      | Slain by Natasha

Illustrated notes

Levels and vault maps discovered:
D:1:      psy_arrival_conway, layout_basic
D:2:      layout_basic, lemuel_crystal_altar, first_ration, uniq_jessica
D:3:      layout_loops_ring, uniq_sigmund, uniq_natasha, uniq_robin

Skill      XL: |  1  2  3  4  5 |
---------------+----------------+-----
Dodging        | 2 3 |  3.1
Spellcasting   | 3 |  3.3
Conjurations   | 5 |  5.0
Fighting       | |  0.6
Stealth        | |  1.7

Action                   |  1- 3 |  4- 6 || total
-------------------------+-------+-------++-------
Melee: Unarmed           |     2 |       ||     2
       Dagger            |    81 |    61 ||   142
       Tailslap          |     4 |     4 ||     8
 Cast: Magic Dart        |    75 |    44 ||   119
       Dazzling Flash    |       |     1 ||     1
  Use: Scroll            |       |     7 ||     7
       Potion            |       |     1 ||     1
 Stab: Sleeping          |     1 |     2 ||     3
  Eat: Removed food      |     4 |     5 ||     9
Armor: Skin              |    33 |    43 ||    76
Dodge: Dodged            |    84 |    80 ||   164

Table legend:
 A = Non-vault XP
 B = Vault XP
 C = Vault XP percentage of total XP
 D = Non-vault monster count
 E = Vault monster count
 F = Vault count percentage of total count
                 A         B        C        D         E       F
            +---------+---------+-------+---------+---------+-------
      Total |     212 |      37 |  14.9 |      66 |       1 |   1.5
            +---------+---------+-------+---------+---------+-------
        D:1 |      41 |       0 |   0.0 |      23 |       0 |   0.0
        D:2 |     146 |      37 |  20.2 |      37 |       1 |   2.6
        D:3 |      25 |       0 |   0.0 |       6 |       0 |   0.0
            +---------+---------+-------+---------+---------+-------
